Map: Concord LE

Players

MattBarry

  • Race: Terran Terran
  • League: Gold
  • Spawn Location: 1:00

Alebay

  • Race: Protoss Protoss
  • Spawn Location: 12:00

zenzen

  • Race: Protoss Protoss
  • Spawn Location: 3:00

MattBarry

  • Race: Zerg Zerg
  • Spawn Location: 3:00

SoNiC

  • Race: Zerg Zerg
  • Spawn Location: 7:00

lltyll

  • Race: Protoss Protoss
  • Spawn Location: 9:00

IIISHAKAIII

  • Race: Terran Terran
  • Spawn Location: 6:00

Rigardo

  • Race: Protoss Protoss
  • Spawn Location: 6:00

VOD

Have the link to the VOD?

Description

Time

  • Played on: Jan. 18, 2023, 8:42 p.m.
  • Length: 11:25
Show
View Real Time Build Order
Export as new Build Order

MattBarry Terran 

Build Orders: 2 Factory, Gas First Reaper Expand, Mech 

Get SALT Encoding   

  12  0:00  SCV  
  13  0:12  SCV  
  14  0:18  Supply Depot  
  14  0:24  SCV  
  15  0:29  Refinery  
  15  0:40  SCV  
  16  0:46  Barracks  
  16  0:54  SCV  
  17  1:06  SCV  
  18  1:18  SCV  
  19  1:32  Orbital Command  
  19  1:33  Reaper  
  20  2:01  SCV  
  20  2:02  Command Center  
  21  2:10  Reaper  
  22  2:18  Supply Depot, Factory  
  22  2:21  SCV  
  23  2:40  SCV  
  23  2:42  Barracks Reactor  
  24  2:52  SCV  
  25  3:04  SCV  
  26  3:16  SCV  
  27  3:28  Factory, SCV  
  27  3:41  Barracks Tech Lab  
  27  3:43  SCV  
  27  3:46  Orbital Command  
  27  3:47  Refinery  
  28  3:54  Hellion x2  
  31  3:55  SCV  
  31  3:59  Starport  
  31  4:00  Engineering Bay  
  32  4:08  Refinery  
  32  4:11  SCV x2  
  32  4:15  Hellion x2  
  38  4:26  SCV x2  
  40  4:33  Factory  
  40  4:35  Starport Tech Lab  
  40  4:45  SCV x2  
  42  4:51  Refinery  
  42  4:56  Supply Depot x2  
  42  4:57  SCV x2  
  44  5:01  Armory  
  44  5:12  SCV x2  
  46  5:19  Supply Depot  
  46  5:20  Supply Depot  
  46  5:22  Hellion x2, Siege Tank  
  46  5:24  SCV x2  
  46  5:26  Infernal Pre-Igniter  
  55  5:36  Supply Depot, SCV x2  
  59  5:45  Widow Mine x2  
  59  5:47  Factory Tech Lab  
  59  5:48  SCV x2  
  65  5:51  Raven  
  61  6:14  SCV x2  
  61  6:16  Hellion x2, Siege Tank x2  
  65  6:38  Hellion x2  
  69  6:48  Siege Tank x2  
  75  7:09  SCV x2  
  75  7:15  Hellion x2  
  81  7:17  Terran Vehicle Weapons Level 1  
  81  7:21  Armory, SCV  
  81  7:22  SCV  
  85  7:25  Raven  
  85  7:33  SCV  
  86  7:43  Hellion x2, SCV, Siege Tank x2  
  97  7:45  Supply Depot  
  97  7:46  Supply Depot  
  97  7:47  Supply Depot  
  97  7:49  Command Center  
  97  7:50  Supply Depot  
  97  7:59  SCV x2  
  97  8:04  Hellion  
  101  8:07  Hellion  
  101  8:11  SCV x2  
  105  8:15  Siege Tank  
  100  8:28  Siege Tank  
  100  8:29  Hellion x2  
  97  8:47  Siege Tank  
  86  9:14  Thor  
  86  9:15  Hellion x2  
  93  9:19  Thor  
  96  9:27  Factory  
  96  9:28  Terran Vehicle And Ship Armor Level 1  
  96  9:29  Factory  
  96  9:30  Factory  
  96  9:32  Orbital Command  
  96  9:50  Hellion x2  
  97  10:00  Refinery  
  97  10:08  SCV x2  
  97  10:09  SCV  
  97  10:12  Thor x2  
  97  10:13  Hellion x2  
  116  10:14  Factory Tech Lab x2  
  116  10:15  Factory Tech Lab  
  116  10:20  SCV x2  
  116  10:21  SCV  
  119  10:25  Refinery  
  119  10:32  SCV  
  119  10:33  SCV x2  
  122  10:35  Thor x2  
  122  10:41  Hellion x2  
  138  10:45  SCV  
  138  10:48  Supply Depot x2  
  138  10:49  Supply Depot  
  139  10:51  Supply Depot  
Show
View Real Time Build Order
Export as new Build Order

Alebay Protoss 

Build Orders:  

Get SALT Encoding   

  12  0:00  Probe  
  13  0:12  Probe  
  14  0:20  Pylon  
  14  0:24  Probe  
  15  0:35  Assimilator  
  15  0:38  Probe  
  16  0:45  Gateway  
  16  0:50  Probe  
  17  1:02  Probe  
  18  1:14  Probe  
  19  1:26  Assimilator  
  19  1:29  Probe  
  20  1:33  Gateway  
  20  1:35  Cybernetics Core  
  20  1:41  Probe  
  21  1:54  Probe  
  22  2:05  Nexus  
  22  2:07  Pylon  
  22  2:10  Probe  
  23  2:20  Pylon  
  23  2:21  Warp Gate (Chrono Boost)  
  23  2:25  Probe  
  24  2:36  Adept  
  26  2:38  Adept  
  26  2:41  Probe  
  29  2:53  Pylon  
  29  2:55  Probe  
  30  3:08  Probe  
  31  3:14  Pylon  
  31  3:19  Probe  
  32  3:20  Probe  
  33  3:31  Probe  
  34  3:35  Forge  
  34  3:40  Probe  
  35  3:44  Probe  
  36  3:48  Gateway  
  36  3:51  Stalker  
  36  3:52  Stalker, Probe  
  41  4:01  Twilight Council, Probe  
  42  4:24  Stalker  
  42  4:25  Stalker  
  42  4:26  Probe x2  
  42  4:30  Assimilator  
  48  4:31  Protoss Ground Weapons Level 1 (Chrono Boost)  
  48  4:32  Assimilator  
  48  4:37  Blink (Chrono Boost)  
  48  4:40  Probe x2  
  50  4:52  Pylon  
  50  4:56  Pylon, Probe x2  
  50  4:58  Stalker x2  
  56  5:03  Stalker  
  58  5:18  Probe x2  
  60  5:28  Robotics Facility  
  60  5:30  Robotics Facility  
  60  5:35  Stalker x2  
  64  5:36  Stalker  
  64  5:38  Probe x2  
  68  6:13  Stalker x2  
  68  6:14  Stalker  
  65  6:20  Probe x2  
  64  6:31  Charge  
  64  6:32  Probe x2  
  65  6:39  Immortal x2  
  74  6:42  Stalker x3  
  74  6:44  Probe  
  74  6:45  Probe  
  82  6:50  Pylon  
  82  7:04  Pylon  
  82  7:15  Zealot x2  
  82  7:16  Zealot  
  88  7:54  Probe x2  
  90  8:06  Stalker x2, Probe x2  
  90  8:07  Stalker  
  98  8:14  Resonating Glaives  
  98  8:15  Nexus  
  98  8:19  Protoss Ground Armor Level 1 (Chrono Boost)  
  62  8:44  Stalker x3  
  62  8:47  Immortal x2  
  62  9:17  Stalker  
  62  9:18  Stalker x2  
  62  9:23  Gateway  
  62  9:25  Gateway  
  60  9:32  Photon Cannon  
  60  9:35  Photon Cannon  
  58  9:49  Probe  
  58  9:50  Probe  
  60  9:53  Probe  
  61  10:02  Stalker x3, Probe x2  
  61  10:05  Probe  
  70  10:20  Immortal x2  
  78  10:25  Robotics Bay  
  78  10:26  Probe x2  
  79  10:28  Stalker  
  79  10:29  Stalker x4  
  69  11:11  Zealot x5  
Show
View Real Time Build Order
Export as new Build Order

zenzen Protoss 

Build Orders:  

Get SALT Encoding   

  12  0:55  Probe  
  13  1:06  Assimilator  
  13  1:08  Probe  
  14  1:20  Probe  
  14  1:24  Assimilator  
  15  2:15  Pylon  
  15  2:33  Probe  
  16  2:45  Probe  
  16  2:50  Gateway  
  17  2:57  Probe  
  18  3:04  Pylon  
  18  3:09  Probe  
  19  3:21  Probe  
  20  3:38  Zealot  
  22  3:51  Cybernetics Core  
  22  4:05  Zealot  
  24  4:15  Gateway  
  24  4:39  Stalker  
  26  5:03  Protoss Air Weapons Level 1  
  26  5:09  Adept  
  26  5:10  Nexus  
  28  5:18  Assimilator  
  28  5:23  Assimilator  
  28  5:32  Stalker  
  30  5:44  Pylon  
  30  5:50  Pylon  
  30  5:55  Pylon  
  30  5:59  Pylon  
  30  6:02  Adept, Stalker  
  34  6:06  Pylon  
  34  6:32  Zealot  
  38  6:35  Sentry  
  30  6:58  Stalker  
  30  6:59  Zealot  
  34  7:06  Probe  
  35  7:12  Protoss Air Armor Level 1  
  35  7:18  Probe  
  35  7:22  Probe  
  37  7:26  Zealot  
  41  7:31  Sentry, Probe  
  41  7:34  Probe  
  43  7:42  Twilight Council  
  43  7:43  Probe  
  44  7:46  Probe  
  45  7:53  Stalker  
  45  7:55  Probe  
  45  7:57  Robotics Facility  
  45  7:58  Sentry, Probe  
  51  8:10  Probe  
  52  8:21  Stalker  
  52  8:23  Stalker  
  56  8:51  Stalker  
  42  9:26  Pylon  
  42  9:29  Pylon  
  42  9:32  Zealot  
  42  9:33  Pylon  
  42  9:36  Pylon  
  48  9:38  Immortal  
  48  9:57  Gateway  
  48  9:59  Zealot  
  50  10:06  Robotics Facility  
  50  10:13  Probe  
  51  10:17  Immortal  
  55  10:24  Stalker  
  55  10:26  Zealot, Probe  
  60  10:38  Probe  
  61  10:50  Probe  
  61  10:53  Stalker  
  61  10:54  Stalker  
  71  10:57  Observer  
  71  11:02  Probe  
Show
View Real Time Build Order
Export as new Build Order

MattBarry Zerg 

Build Orders: Pool First 

Get SALT Encoding   

  12  0:00  Drone  
  13  0:13  Overlord  
  13  0:26  Drone  
  14  0:31  Drone  
  15  0:47  Spawning Pool  
  15  0:48  Drone  
  15  0:49  Drone, Extractor  
  15  1:12  Drone  
  16  1:19  Drone  
  16  1:23  Hatchery  
  16  1:28  Drone  
  17  1:36  Drone  
  18  1:45  Zergling x4  
  20  1:57  Queen  
  22  2:12  Overlord  
  22  2:15  Extractor  
  22  2:18  Drone  
  23  2:34  Hatchery  
  22  2:51  Drone x3  
  22  2:52  Drone, Overlord  
  22  2:56  Metabolic Boost  
  26  3:14  Drone  
  26  3:15  Drone x2  
  26  3:16  Drone  
  29  3:30  Zergling x4  
  29  3:31  Drone x2  
  32  3:37  Extractor  
  31  3:49  Queen  
  31  3:50  Queen  
  31  3:51  Lair  
  31  3:55  Baneling Nest, Drone x2  
  37  3:56  Drone  
  37  4:03  Overlord  
  35  4:31  Spine Crawler  
  35  4:37  Drone  
  35  4:38  Drone x3, Overlord  
  38  4:39  Zergling x2  
  39  4:56  Zergling x2  
  39  4:57  Zergling x2  
  41  5:00  Overlord  
  41  5:06  Zergling x2  
  45  5:07  Zergling x6  
  45  5:10  Zergling x8  
  45  5:12  Overlord x2  
  49  5:31  Evolution Chamber  
  48  5:38  Evolution Chamber  
  47  5:55  Hatchery  
  28  6:11  Zergling x18  
  22  6:49  Zergling x14  
  29  7:17  Queen  
  24  7:58  Drone x10  
  34  8:06  Zergling x2  
  35  8:41  Zergling x2  
  35  8:42  Zergling x20  
  46  9:09  Drone x3  
  52  9:10  Drone x6  
  52  9:12  Queen  
  52  9:16  Drone  
  57  9:17  Overlord x2  
  48  10:16  Drone  
  48  10:17  Drone x11  
  48  10:19  Overlord x2  
Show
View Real Time Build Order
Export as new Build Order

SoNiC Zerg 

Build Orders: Hatch First 

Get SALT Encoding   

  12  0:00  Drone  
  13  0:08  Drone  
  14  0:16  Overlord  
  14  0:35  Drone x2  
  16  0:36  Drone  
  17  0:47  Drone  
  18  0:56  Hatchery  
  17  0:59  Drone  
  17  1:04  Extractor  
  17  1:08  Drone  
  18  1:19  Spawning Pool  
  18  1:20  Drone  
  18  1:30  Drone  
  19  1:40  Drone  
  20  1:51  Overlord  
  20  2:02  Drone  
  20  2:07  Queen, Metabolic Boost  
  23  2:09  Queen  
  23  2:12  Zergling x4  
  27  2:21  Drone  
  28  2:27  Zergling x2  
  29  2:32  Drone  
  29  2:34  Drone  
  31  2:41  Drone  
  32  2:48  Overlord  
  31  3:16  Drone x2  
  31  3:17  Drone x6  
  39  3:26  Zergling x8  
  43  3:51  Drone  
  43  3:52  Overlord x5  
  44  4:06  Hatchery  
  41  4:27  Drone x2  
  41  4:28  Drone  
  41  4:29  Drone x2  
  41  4:30  Drone x2  
  48  4:36  Extractor  
  48  4:38  Extractor  
  46  4:43  Roach Warren  
  45  4:45  Baneling Nest  
  45  4:46  Lair  
  45  4:50  Drone x2  
  45  4:51  Drone  
  45  4:52  Drone  
  48  4:55  Queen  
  50  5:01  Drone  
  50  5:02  Extractor  
  50  5:03  Drone x3  
  50  5:06  Drone  
  54  5:09  Spore Crawler  
  53  5:26  Drone  
  53  5:27  Drone x6  
  60  5:33  Roach x6  
  60  5:34  Roach  
  74  6:02  Drone  
  74  6:03  Drone x2  
  74  6:04  Drone x5  
  78  6:09  Glial Reconstitution  
  81  6:25  Roach x3  
  84  6:26  Roach x3  
  84  6:30  Overlord x4  
  84  6:31  Overlord x3  
  90  6:48  Queen  
  92  6:56  Drone  
  92  6:57  Drone  
  94  7:11  Hatchery  
  94  7:12  Roach x5  
  94  7:13  Roach x6  
  115  7:16  Drone  
  115  7:17  Drone  
  115  7:18  Drone x3  
  115  7:19  Drone  
  115  7:20  Drone x2  
  123  7:23  Extractor  
  123  7:25  Extractor  
  121  7:40  Roach x3  
  121  7:41  Roach x4  
  136  7:57  Roach x2  
  136  7:58  Roach x3  
  146  8:17  Evolution Chamber  
  146  8:19  Evolution Chamber  
  104  8:42  Roach x2  
  104  8:43  Roach x9  
  104  8:44  Roach  
  128  8:53  Zerg Ground Armor Level 1, Zerg Missile Weapons Level 1  
  128  8:55  Drone x2  
  130  9:24  Roach x5  
  130  9:25  Roach  
  130  9:29  Overlord x4  
  130  9:30  Overlord x2  
  138  9:35  Hatchery  
  127  9:52  Roach x2  
  133  9:53  Roach x6  
  143  10:02  Queen  
Show
View Real Time Build Order
Export as new Build Order

lltyll Protoss 

Build Orders: Double Forge, Blink Stalkers 

Get SALT Encoding   

  12  0:00  Probe  
  13  0:15  Pylon  
  13  0:18  Probe  
  14  0:31  Probe (Chrono Boost)  
  15  0:38  Gateway  
  16  0:43  Probe (Chrono Boost)  
  16  0:49  Probe (Chrono Boost)  
  17  0:58  Gateway  
  17  1:00  Probe  
  18  1:07  Assimilator  
  18  1:13  Probe  
  19  1:24  Assimilator  
  19  1:26  Probe  
  19  1:29  Cybernetics Core  
  20  1:38  Probe  
  21  1:40  Pylon  
  21  1:50  Probe  
  22  2:02  Probe  
  22  2:06  Warp Gate (Chrono Boost)  
  22  2:08  Stalker (Chrono Boost)  
  23  2:14  Probe  
  25  2:22  Stalker (Chrono Boost)  
  27  2:48  Probe, Nexus  
  27  2:49  Pylon  
  28  3:00  Probe  
  28  3:03  Stalker  
  31  3:11  Twilight Council  
  31  3:32  Shield Battery  
  31  3:40  Probe  
  32  3:45  Blink (Chrono Boost)  
  32  3:50  Stalker x2  
  36  3:57  Forge  
  36  4:07  Forge  
  36  4:12  Probe  
  36  4:13  Probe  
  38  4:25  Probe  
  38  4:29  Stalker  
  41  4:42  Probe x2  
  43  4:46  Pylon  
  43  4:50  Stalker  
  45  4:54  Probe x2  
  45  4:58  Gateway  
  47  5:06  Probe x2  
  49  5:18  Probe  
  50  5:23  Protoss Ground Weapons Level 1 (Chrono Boost), Protoss Ground Armor Level 1 (Chrono Boost)  
  50  5:32  Probe x2  
  52  5:36  Charge (Chrono Boost)  
  52  5:40  Robotics Facility  
  50  6:54  Warp Prism (Chrono Boost), Probe x2  
  42  7:02  Stalker x3  
  42  7:06  Probe x2  
  50  7:18  Gateway  
  50  7:19  Gateway  
  50  7:25  Gateway  
  50  7:28  Gateway  
  50  7:32  Gateway  
  50  7:33  Gateway  
  50  7:37  Gateway  
  50  7:38  Probe x2  
  50  7:41  Assimilator  
  50  7:42  Stalker x2  
  56  7:50  Probe  
  57  8:00  Probe  
  57  8:02  Probe  
  59  8:10  Protoss Ground Weapons Level 2 (Chrono Boost), Protoss Ground Armor Level 2 (Chrono Boost)  
  59  8:13  Assimilator, Probe  
  59  8:14  Probe  
  55  8:30  Stalker x4  
  55  8:31  Stalker  
  61  8:41  Pylon  
  61  8:42  Pylon  
  61  8:43  Pylon  
  61  8:46  Pylon x2  
  61  8:48  Pylon  
  53  8:57  Stalker x4  
  55  10:20  Stalker  
  55  10:21  Stalker x4  
  55  10:22  Stalker x4  
  57  11:01  Stalker  
  57  11:02  Stalker x5  
  57  11:03  Stalker  
Show
View Real Time Build Order
Export as new Build Order

IIISHAKAIII Terran 

Build Orders:  

Get SALT Encoding   

  12  0:01  SCV  
  13  0:13  SCV  
  14  0:18  Supply Depot  
  14  0:26  SCV  
  15  0:40  SCV  
  16  0:43  Barracks  
  16  0:48  Refinery  
  16  0:52  SCV  
  17  1:04  SCV  
  17  1:09  Barracks  
  18  1:16  SCV  
  19  1:31  Supply Depot  
  19  1:33  Orbital Command  
  19  1:40  Barracks Reactor  
  19  1:53  Refinery  
  19  1:57  Supply Depot, Barracks Tech Lab  
  19  2:01  SCV  
  20  2:13  SCV  
  21  2:19  Stimpack  
  21  2:24  Marine x2  
  21  2:26  Marine  
  24  2:37  SCV  
  24  2:40  Factory  
  24  2:42  Supply Depot  
  25  2:49  Marine x2, SCV  
  28  3:07  Marine x2  
  28  3:08  SCV  
  31  3:18  Supply Depot, Marine  
  32  3:20  SCV  
  32  3:25  Marine x2  
  35  3:36  Marine  
  36  3:42  Marine  
  36  3:45  Factory Reactor, Starport  
  37  3:49  Marine, SCV  
  37  3:53  Marine  
  40  4:00  Marine  
  41  4:03  Combat Shield  
  41  4:07  Marine  
  42  4:11  Marine  
  43  4:18  Marine  
  44  4:32  Factory Tech Lab  
  44  4:33  Command Center  
  44  4:39  Medivac  
  44  4:41  Medivac  
  48  4:46  Marine  
  48  4:47  Marine x2  
  51  5:03  Engineering Bay  
  51  5:04  Marine x2  
  51  5:06  Engineering Bay  
  53  5:25  SCV  
  54  5:29  Barracks  
  54  5:30  Starport Reactor  
  54  5:35  Barracks  
  54  5:37  SCV  
  54  5:38  Terran Infantry Armor Level 1  
  55  5:55  SCV  
  55  5:56  Marine  
  57  6:07  SCV  
  53  6:19  SCV  
  52  6:39  Marine x3  
  52  6:57  Marine x2  
  48  7:09  Marine  
  48  7:14  Marine  
  48  7:15  Marine  
  42  7:26  Concussive Shells  
  42  7:27  Marine  
  42  7:28  Siege Tank  
  42  7:29  Medivac x2  
  47  7:30  Barracks Reactor  
  47  7:32  Marine x2  
  47  7:34  Terran Infantry Weapons Level 1  
  49  7:38  Supply Depot, SCV  
  49  7:42  Armory  
  50  7:45  Marine  
  50  7:50  Marine x2  
  53  7:53  Orbital Command  
  53  8:02  Marine  
  54  8:07  Siege Tank  
  54  8:08  Marine x2  
  54  8:11  Marine x2  
  61  8:15  SCV, Refinery x2  
  62  8:20  Marine  
  62  8:21  Supply Depot  
  62  8:23  Supply Depot  
  62  8:27  SCV  
  58  8:40  Siege Tank  
  61  8:47  Marine x2  
  61  8:48  Marine x2  
  64  8:49  Marauder  
  66  8:55  Medivac  
  66  8:56  Medivac  
  66  9:12  Siege Tank  
  67  9:18  Marine x3, Marauder  
  72  9:26  SCV  
  72  9:29  Supply Depot  
  72  9:30  Supply Depot  
  73  9:32  Supply Depot  
  73  9:38  Marine x5, SCV  
  76  9:39  Marine  
  76  9:40  Marine  
  76  9:42  Medivac  
  83  9:50  SCV  
  84  9:55  Marine  
  85  10:02  SCV  
  86  10:14  SCV  
  86  10:15  Command Center  
  87  10:32  SCV x2  
  89  10:36  Supply Depot  
  89  10:39  Supply Depot x3  
  89  10:41  Supply Depot  
  89  10:42  Supply Depot  
  89  10:44  SCV  
  89  10:45  Barracks  
  90  10:50  Barracks x2, Factory  
Show
View Real Time Build Order
Export as new Build Order

Rigardo Protoss 

Build Orders: 1 Gate Expand 

Get SALT Encoding   

  12  0:00  Probe  
  14  0:14  Probe  
  14  0:21  Pylon  
  14  0:26  Probe  
  15  0:39  Probe  
  16  0:43  Gateway  
  16  0:51  Probe  
  17  1:13  Nexus  
  17  1:21  Assimilator  
  17  1:22  Probe  
  18  1:34  Probe (Chrono Boost)  
  18  1:39  Cybernetics Core  
  19  1:46  Probe (Chrono Boost)  
  20  1:50  Assimilator  
  20  1:52  Probe (Chrono Boost)  
  21  2:00  Probe  
  22  2:05  Gateway  
  22  2:13  Pylon  
  22  2:14  Probe  
  23  2:21  Warp Gate (Chrono Boost)  
  21  2:22  Stalker (Chrono Boost)  
  25  2:33  Probe (Chrono Boost)  
  25  2:34  Probe (Chrono Boost)  
  27  2:43  Probe x2 (Chrono Boost)  
  27  3:03  Probe x2  
  29  3:11  Gateway  
  29  3:15  Probe x2  
  31  3:22  Forge  
  31  3:27  Probe  
  31  3:28  Probe  
  31  3:31  Stalker  
  35  3:34  Stalker  
  35  3:39  Probe  
  38  3:41  Probe  
  39  3:51  Pylon, Probe  
  40  3:59  Probe  
  41  4:03  Probe  
  42  4:11  Probe  
  42  4:14  Photon Cannon  
  42  4:15  Probe  
  44  4:18  Photon Cannon  
  44  4:21  Shield Battery  
  44  4:23  Probe  
  45  4:28  Photon Cannon, Probe  
  46  4:33  Assimilator x2  
  46  4:35  Probe  
  47  4:40  Probe  
  48  4:48  Stargate, Probe  
  49  4:59  Photon Cannon  
  49  5:03  Probe  
  50  5:41  Fleet Beacon  
  50  5:49  Protoss Shields Level 1  
  54  5:51  Void Ray (Chrono Boost)  
  54  6:00  Protoss Air Weapons Level 1  
  54  6:16  Nexus  
  54  6:19  Pylon  
  54  6:21  Pylon  
  54  6:40  Pylon  
  54  6:43  Pylon  
  54  6:50  Stargate  
  54  6:58  Pylon  
  54  7:01  Carrier  
  54  7:03  Pylon  
  54  7:07  Photon Cannon  
  60  7:11  Photon Cannon  
  60  7:13  Flux Vanes  
  60  7:15  Shield Battery  
  60  7:16  Stalker x2  
  60  7:17  Stalker  
  57  7:51  Stalker x3  
  63  8:04  Carrier  
  69  8:14  Photon Cannon  
  69  8:18  Shield Battery  
  69  8:19  Shield Battery  
  67  8:30  Stalker  
  67  8:31  Stalker x2  
  73  9:01  Carrier (Chrono Boost)  
  79  9:17  Carrier (Chrono Boost)  
  79  9:41  Stargate  
  79  9:43  Stargate  
  79  10:20  Probe x2  
  81  10:23  Tempest  
  86  10:32  Pylon  
  86  10:35  Pylon  
  86  10:37  Pylon  
  86  10:54  Gateway  
  91  10:57  Gateway  
  91  10:58  Gateway  
  91  11:02  Twilight Council  
Tags
 
Add a new tag
Caveats
  • Supply blocks, unpowered buildings, or Contaminate may cause inaccurate times.
  • Supply counts are checked every 10 seconds.